 Dungeon Crawl Stone Soup version 0.30-a0-919-g9323dee000 (webtiles) character file.

Game seed: 2831838546051096541

26692 MacCMillion the Severer (level 13, -6/114 HPs)
             Began as a Minotaur Fighter on Mar 21, 2023.
             Was a Priest of Ru.
             Mangled by a skyshark (17 damage)
             ... on level 4 of the Lair of Beasts.
             The game lasted 00:37:37 (22101 turns).

MacCMillion the Severer (Minotaur Fighter)         Turns: 22101, Time: 00:37:38

Health: -6/114     AC: 18    Str: 27    XL:     13   Next: 0%
Magic:  0/12       EV:  8    Int:  5    God:    Ru [***...]
Gold:   1225       SH: 12    Dex:  9    Spells: 12/12 levels left

rFire   + . .      SeeInvis .    a - +0 war axe
rCold   . . .      Faith    .    T - +0 kite shield
rNeg    . . .      Spirit   +    P - +1 chain mail {rPois}
rPois   +          Reflect  .    F - +0 hat
rElec   .          Rampage  .    n - +0 cloak
rCorr   +                        m - +0 pair of gloves
Will    .....                    c - +1 pair of boots Stlth
                                 C - amulet of guardian spirit
HPRegen 0.39/turn                f - ring of resist corrosion
MPRegen 0.13/turn                l - ring of protection from fire

@: unable to drink
A: horns 2, inability to drink after injury 2, hated by all, disrupted magic 1,
retaliatory headbutt
a: Renounce Religion, Draw Out Power


You were on level 4 of the Lair of Beasts.
You worshipped Ru.
Ru was most pleased with you.
You visited 3 branches of the dungeon, and saw 17 of its levels.
You also visited: Bailey.

You collected 1225 gold pieces.

Inventory:

Hand Weapons
 a - a +0 war axe (weapon)
 E - a +4 mace of protection
Missiles
 o - 22 poisoned darts (quivered)
 x - 7 curare-tipped darts
 H - 2 boomerangs
 W - 3 javelins
Armour
 c - a +1 pair of boots (worn)
 k - a +0 plate armour
 m - a +0 pair of gloves (worn)
 n - a +0 cloak (worn)
 F - a +0 hat (worn)
 P - a +1 chain mail of poison resistance (worn)
 T - a +0 kite shield (worn)
Jewellery
 f - a ring of resist corrosion (left hand)
 j - an amulet of the acrobat
 l - a ring of protection from fire (right hand)
 C - an amulet of guardian spirit (around neck)
 G - an amulet of reflection
 V - a ring of positive energy
 Y - an amulet of regeneration
Wands
 d - a wand of quicksilver (16)
 r - a wand of mindburst (14)
 y - a wand of paralysis (7)
 S - a wand of flame (9)
 U - a wand of roots (3)
 X - a wand of polymorph (4)
Scrolls
 h - 3 scrolls of poison
 i - a scroll of enchant armour
 u - 4 scrolls of noise
 v - 2 scrolls of immolation
 A - a scroll of brand weapon {unknown}
 B - a scroll of fear
 D - 3 scrolls of vulnerability
 I - 3 scrolls of silence
 L - 10 scrolls of teleportation
 N - 3 scrolls of amnesia
 O - a scroll of torment
 Z - a scroll of blinking
Potions
 b - a potion of berserk rage
 e - 4 potions of brilliance
 g - 6 potions of degeneration
 p - 7 potions of curing
 q - 4 potions of flight
 s - 7 potions of heal wounds
 t - a potion of cancellation
 w - a potion of ambrosia
 z - 2 potions of attraction
 K - 2 potions of might
 M - a potion of lignification {unknown}
 Q - 2 potions of magic
 R - 2 potions of haste {unknown}


   Skills:
 + Level 10.4 Fighting
 - Level 16.0 Axes
 + Level 10.4 Armour
 - Level 15.0 Shields
 - Level 5.0 Evocations


You had 12 spell levels left.
You didn't know any spells.
Your spell library contained the following spells:

 Spells                   Type           Power      Damage    Failure   Level
 Shock                    Conj/Air       0%         1d3       99%         1
 Ignite Poison            Fire/Tmut/Pois 0%         N/A       100%        3
 Inner Flame              Hex/Fire       0%         N/A       100%        3
 Kindle Blastsparks       Fire/Tloc/Air  0%         2d10      100%        3
 Swiftness                Air            0%         N/A       100%        3
 Airstrike                Air            0%         2d(0-16)  100%        4
 Cause Fear               Hex            0%         N/A       100%        4
 Fireball                 Conj/Fire      0%         3d3       100%        5
 Freezing Cloud           Conj/Ice/Air   0%         6-21      100%        5
 Iskenderun's Battlesphe  Conj           0%         2d6       100%        5
 Conjure Ball Lightning   Conj/Air       0%         3x3d6     100%        6
 Orb of Destruction       Conj           0%         9d5       100%        7
 Storm Form               Tmut/Air       0%         N/A       100%        7
 Discord                  Hex            0%         N/A       100%        8
 Maxwell's Capacitive Co  Air            0%         ∞         100%        8
 Polar Vortex             Ice            0%         N/A       100%        9
 Summon Ice Beast         Ice/Summ       Unusable   N/A       N/A         4
 Summon Lightning Spire   Summ/Air       Unusable   N/A       N/A         4
 Summon Mana Viper        Hex/Summ       Unusable   N/A       N/A         5
 Simulacrum               Ice/Necr       Unusable   N/A       N/A         6
 Malign Gateway           Summ/Tloc      Unusable   N/A       N/A         7
 Monstrous Menagerie      Summ           Unusable   N/A       N/A         7
 Summon Horrible Things   Summ           Unusable   N/A       N/A         8

Dungeon Overview and Level Annotations

Branches:
Dungeon (11/15)            Temple (1/1) D:7            Lair (5/5) D:9
  Swamp (0/4) Lair:3       Spider (0/4) Lair:3          Orc (0/2) D:10
 Bailey (visited)
  Slime: Lair:4-5

Altars:
Ashenzari
Cheibriados
Dithmenos
Elyvilon
Gozag
Kikubaaqudgha
Makhleb
Nemelex Xobeh
Okawaru
Qazlal
Ru
Sif Muna
Trog
Uskayaw
Vehumet
Wu Jian
Xom
Zin
The Shining One

Annotations:
D:4 Blork the orc
D:5 Pikel
D:11 Sonja


Innate Abilities, Weirdness & Mutations

You have a pair of horns on your head.
You sometimes lose the ability to drink potions when taking damage.
You are hated by all.
Your casting is slightly disrupted.
You reflexively headbutt those who attack you in melee.


Message History

The skyshark bites you!
You feel threatened and lose the ability to drink potions!
You block the skyshark's attack. x2
You hit the skyshark.
The skyshark is heavily wounded.
The skyshark bites you!! You block the skyshark's attack.
The skyshark tail-slaps you but does no damage.
You hit the skyshark. You headbutt the skyshark.
The skyshark is heavily wounded.
The skyshark bites you. The skyshark tail-slaps you.
The skyshark tail-slaps you but does no damage.
You hit the skyshark but do no damage. You headbutt the skyshark.
The skyshark is heavily wounded.
The skyshark bites you!!
* * * LOW HITPOINT WARNING * * *
The skyshark tail-slaps you!
* * * LOW HITPOINT WARNING * * *
The skyshark barely misses you.
You completely miss the skyshark.
The skyshark is heavily wounded.
The skyshark bites you.
* * * LOW HITPOINT WARNING * * *
The skyshark completely misses you. You block the skyshark's attack.
You slash the skyshark! You headbutt the skyshark.
The skyshark is severely wounded.
The skyshark bites you.
* * * LOW HITPOINT WARNING * * *
The skyshark tail-slaps you but does no damage. x2
The skyshark bites you.
* * * LOW HITPOINT WARNING * * *
You block the skyshark's attack. x2
You hit the skyshark but do no damage. Your headbutt misses the skyshark.
The skyshark is severely wounded.
The skyshark barely misses you. You block the skyshark's attack.
The skyshark closely misses you.
You slice the skyshark!!
You headbutt the skyshark, but do no damage.
The skyshark is almost dead.
The skyshark bites you!!
You die...

......^......................#
.............................#
.............................#
.............................#
.............................#
P............................#
##..........................##
###..............l.........##
#.............@..........#
##............†..........#
###.......................##
..........................#
..#.##...................###
.#######...................##
#.# ##...........[..#....# .##
##.............###.## .#
##...........## ##.#


You could see a skyshark (berserk).

Vanquished Creatures
  2 hydras (Lair:4)
  3 two-headed ogres
  2 boulder beetles
  An ugly thing (D:8)
  Maurice (D:8)
  A black mamba (Lair:5)
  Joseph (D:7)
  A gargoyle (Bailey)
  A torpor snail (Lair:2)
  Maggie (D:6)
  8 cane toads
  2 kobold demonologists (D:10)
  3 komodo dragons
  A rime drake (Lair:1)
  3 polar bears
  Grinder (D:3)
  A tyrant leech (Lair:3)
  Prince Ribbit (D:7)
  4 dream sheep (Lair:3)
  2 slime creatures (D:5)
  2 vampires
  A shadow (D:9)
  2 wyverns
  31 yaks
  3 culicivoras (Lair:3)
  2 basilisks
  3 steam dragons
  A redback (Lair:3)
  An acid dragon (D:11)
  A swamp worm (Lair:3)
  12 water moccasins
  3 black bears
  An ice beast (D:6)
  3 orc warriors
  12 wolves
  A sky beast (D:6)
  3 centaurs
  3 lemures (D:6)
  3 phantoms
  3 kobold brigands
  11 bullfrogs
  A gnoll sergeant (D:9)
  3 scorpions
  4 wights
  6 killer bees (D:10)
  8 wolf zombies (Bailey)
  2 howler monkeys
  8 vampire bats (Bailey)
  6 hounds
  9 jellies
  3 orc priests
  A gnoll bouda (D:5)
  5 iguanas
  A sleepcap (D:6)
  3 orc wizards
  12 gnolls
  7 adders
  A shadow imp (D:8)
  4 white imps
  23 orcs
  14 endoplasms
  6 goblins
  10 hobgoblins
  7 jackals
  3 quokkas
  4 ball pythons
  2 bats
  A frilled lizard (D:1)
  10 kobolds
  21 orc zombies (Bailey)
  4 rats
331 creatures vanquished.

Vanquished Creatures (others)
  A hydra (Lair:2)
  A black mamba (Lair:4)
  A cane toad (Lair:4)
  25 fungi
  19 plants
  9 toadstools (D:5)
  A withered plant (D:1)
57 creatures vanquished.

Grand Total: 388 creatures vanquished

Notes
Turn   | Place    | Note
-------+----------+-------------------------------------------
     0 | D:1      | MacCMillion the Minotaur Fighter began the quest for the
                  | Orb.
     0 | D:1      | Reached XP level 1. HP: 19/19 MP: 0/0
   339 | D:1      | Reached skill level 3 in Axes
   339 | D:1      | Reached XP level 2. HP: 26/26 MP: 1/1
   414 | D:1      | Found a faded altar of an unknown god.
  1044 | D:2      | Reached XP level 3. HP: 27/31 MP: 2/2
  1828 | D:3      | Reached skill level 4 in Axes
  1866 | D:3      | Reached XP level 4. HP: 39/39 MP: 3/3
  2018 | D:3      | Noticed Grinder
  2035 | D:3      | Paralysed by Grinder for 4 turns
  2261 | D:3      | Found a hide-covered altar of Uskayaw.
  2300 | D:3      | Reached skill level 5 in Shields
  2419 | D:3      | Paralysed by Grinder for 4 turns
  2644 | D:4      | Reached skill level 5 in Axes
  2839 | D:4      | Noticed Blork the orc
  2886 | D:3      | Paralysed by Grinder for 3 turns
  2889 | D:3      | Killed Grinder
  2890 | D:3      | Reached skill level 7 in Axes
  2890 | D:3      | Reached XP level 5. HP: 7/45 MP: 4/4
  2890 | D:3      | Reached XP level 6. HP: 8/51 MP: 5/5
  3309 | D:5      | Entered Level 5 of the Dungeon
  3348 | D:5      | Identified the +7 whip of Gravity {heavy, Str+4}
  3790 | D:5      | Reached skill level 8 in Axes
  3877 | D:5      | Reached XP level 7. HP: 56/57 MP: 6/6
  4362 | D:5      | Reached skill level 9 in Axes
  4506 | D:5      | Reached skill level 10 in Axes
  4586 | D:5      | Noticed a slime creature
  4586 | D:5      | Noticed a slime creature
  4646 | D:5      | Killed a slime creature
  4647 | D:5      | Reached XP level 8. HP: 35/67 MP: 7/7
  5223 | D:5      | Killed a slime creature
  5224 | D:5      | Reached skill level 5 in Fighting
  5224 | D:5      | Reached skill level 5 in Armour
  6211 | D:6      | Noticed a two-headed ogre
  6218 | D:5      | Killed a two-headed ogre
  6219 | D:5      | Reached skill level 11 in Axes
  6219 | D:5      | Reached XP level 9. HP: 57/78 MP: 5/8
  6709 | D:6      | Noticed Pikel
  7824 | D:6      | Reached skill level 12 in Axes
  7929 | D:6      | Found a broken altar of Ashenzari.
  7946 | D:6      | Noticed Maggie
  7957 | D:6      | Killed Maggie
  8395 | D:7      | Noticed Prince Ribbit
  8408 | D:7      | Killed Prince Ribbit
  8666 | D:7      | Reached XP level 10. HP: 90/90 MP: 9/9
  8973 | D:7      | Noticed Joseph
  8995 | D:7      | Killed Joseph
  9168 | D:7      | Reached skill level 13 in Axes
  9193 | D:7      | Found a staircase to the Ecumenical Temple.
  9255 | Temple   | Entered the Ecumenical Temple
  9578 | Temple   | Became a worshipper of Ru the Awakened
 10198 | D:8      | Noticed a brown ugly thing
 10206 | D:8      | Killed a brown ugly thing
 10507 | D:8      | Noticed Maurice
 10530 | D:8      | Killed Maurice
 10531 | D:8      | Reached skill level 10 in Armour
 10732 | D:8      | Reached skill level 10 in Fighting
 11010 | D:9      | Found a flagged portal.
 11025 | Bailey   | Entered a bailey
 11322 | Bailey   | Reached skill level 14 in Axes
 11614 | Bailey   | Noticed a gargoyle
 11627 | Bailey   | Killed a gargoyle
 12309 | Bailey   | Identified the +1 leather armour of Catezyocw {Rampage rC+}
 12427 | D:9      | Reached skill level 15 in Axes
 12544 | D:9      | Reached XP level 11. HP: 99/99 MP: 10/10
 12711 | D:9      | Found a staircase to the Lair.
 12757 | D:10     | Entered Level 10 of the Dungeon
 13154 | D:10     | Noticed a two-headed ogre
 13227 | D:9      | Gained mutation: Your casting is slightly disrupted. [Ru
                  | sacrifice]
 13348 | D:10     | Noticed a two-headed ogre
 13365 | D:10     | Killed a two-headed ogre
 13451 | D:10     | Killed a two-headed ogre
 13871 | D:10     | Reached skill level 16 in Axes
 14137 | D:10     | Found a staircase to the Orcish Mines.
 14475 | D:11     | Noticed a boulder beetle
 14526 | D:11     | Killed a boulder beetle
 14705 | D:11     | Noticed Sonja
 15083 | Lair:1   | Entered Level 1 of the Lair of Beasts
 16032 | Lair:2   | Reached skill level 10 in Shields
 16093 | Lair:2   | Gained mutation: You are hated by all. [Ru sacrifice]
 16093 | Lair:2   | Reached * piety under Ru
 16093 | Lair:2   | Reached ** piety under Ru
 16289 | Lair:2   | Noticed a four-headed hydra
 16299 | Lair:2   | Killed a four-headed hydra
 16740 | Lair:2   | Reached skill level 1 in Evocations
 16845 | Lair:2   | Reached XP level 12. HP: 63/106 MP: 7/11
 17203 | Lair:3   | Noticed a boulder beetle
 17220 | Lair:3   | Killed a boulder beetle
 18133 | Lair:3   | Found a hole to the Spider Nest.
 19106 | Lair:3   | Reached skill level 5 in Evocations
 19581 | Lair:3   | Found a staircase to the Swamp.
 20161 | Lair:3   | Found a hole to the Spider Nest.
 20320 | Lair:3   | Found a staircase to the Swamp.
 20421 | Lair:4   | Noticed a four-headed hydra
 20434 | Lair:4   | Killed a four-headed hydra
 20594 | Lair:4   | Gained mutation: You occasionally lose the ability to drink
                  | potions when taking damage. [Ru sacrifice]
 20594 | Lair:4   | Gained mutation: You sometimes lose the ability to drink
                  | potions when taking damage. [Ru sacrifice]
 20594 | Lair:4   | Reached *** piety under Ru
 20747 | Lair:4   | Reached skill level 15 in Shields
 21326 | Lair:4   | Noticed an eight-headed hydra
 21338 | Lair:4   | Killed an eight-headed hydra
 21343 | Lair:4   | HP: 5/106 [poisoned by a cane toad]
 21348 | Lair:4   | HP: 2/106 [poisoned by a cane toad]
 21966 | Lair:5   | Entered Level 5 of the Lair of Beasts
 22092 | Lair:4   | Reached XP level 13. HP: 89/114 MP: 6/12
 22101 | Lair:4   | Mangled by a skyshark

Illustrated notes

Levels and vault maps discovered:
D:1:      nicolae_arrival_washed_ashore, layout_loops_corners,
          shapermc_ecumenical_altar_flowoftime
D:2:      layout_basic, st_stairs_14
D:3:      layout_rooms, lemuel_coloured_pillars_altar,
          nicolae_concentric_dashed_squares_wild, uniq_grinder
D:4:      layout_basic, uniq_blork_the_orc
D:5:      cheibrodos_fertilizer, layout_loops_ring, palyth_stone_intersect
D:6:      minmay_thinvault, layout_gridville, evilmike_ruin_ashenzari,
          uniq_pikel, uniq_maggie
D:7:      layout_basic, minmay_temple_entry_fiery, kennysheep_generic_room_16,
          uniq_joseph, uniq_prince_ribbit1
D:8:      layout_basic, uniq_maurice
D:9:      layout_basic, grunt_lair_entry_orc_guard_hut, enter_bailey_4
D:10:     layout_irregular_city, orc_0_dummy
D:11:     layout_rooms, portal_ice_cave_demonic_guard, uniq_sonja
Temple:   mainiacjoe_temple_cubbyholes
Lair:1:   layout_gridlike, columned_hall_lemuel, lemuel_another_geyser
Lair:2:   layout_hall_layers
Lair:3:   layout_chaotic_city, minmay_swamp_entry_worms,
          spider_nest_entry_funnel_web, grunt_megastairs_2
Lair:4:   layout_layer_cave
Lair:5:   grunt_lair_end_beastmaster, layout_cellular_growth, slime_entry_1,
          ice2_lemuel

Skill      XL: |  1  2  3  4  5  6  7  8  9 10 11 12 |
---------------+-------------------------------------+-----
Axes           | 3 4 7 8 10 11 12 15 16 | 16.0
Shields        | 4 5 11 15 | 15.0
Armour         | 4 6 8 10 | 10.4
Fighting       | 4 6 8 10 | 10.4
Evocations     | 1 5 |  5.0

Action                     |  1- 3 |  4- 6 |  7- 9 | 10-12 | 13-15 || total
---------------------------+-------+-------+-------+-------+-------++-------
  Melee: War axe           |    71 |    75 |   239 |   750 |    10 ||  1145
         Headbutt          |     9 |    12 |    58 |   159 |     4 ||   242
         Mace              |       |       |       |    25 |       ||    25
  Throw: Dart              |       |       |     5 |    44 |       ||    49
 Invoke: Sacrifice Essence |       |       |       |     1 |       ||     1
         Sacrifice Love    |       |       |       |     1 |       ||     1
         Sacrifice Drink   |       |       |       |     1 |       ||     1
  Evoke: Wand              |       |       |     1 |     9 |       ||    10
    Use: Potion            |       |       |     1 |     2 |       ||     3
         Scroll            |       |       |    13 |    10 |       ||    23
   Stab: Paralysed         |       |       |     4 |       |       ||     4
         Distracted        |       |       |       |     1 |       ||     1
 Armour: Scale mail        |    13 |       |       |       |       ||    13
         Plate armour      |    31 |    44 |   115 |   197 |       ||   387
         Chain mail        |       |       |       |   230 |     7 ||   237
  Dodge: Dodged            |    28 |    24 |    62 |   222 |     4 ||   340
  Block: Buckler           |    11 |    11 |    31 |   165 |       ||   218
         Kite shield       |       |       |       |    45 |    10 ||    55

Table legend: (Time is in decaauts)
 A = Elapsed time spent in this place.
 B = Non-inter-level travel time spent in this place.
 C = Inter-level travel time spent in this place.
 D = Time resting spent in this place.
 E = Time spent auto-exploring this place.
 F = Levels seen in this place.
 G = Mean time per level.
                   A        B        C        D        E       F      G
               +--------+--------+--------+--------+--------+-----+--------+
         Total |  21999 |  21041 |    958 |   6832 |  10759 |  18 | 1222.2 |
       Dungeon |  13426 |  12631 |    795 |   4269 |   6049 |  11 | 1220.5 |
        Temple |    353 |    291 |     62 |      0 |    287 |   1 |  353.0 |
          Lair |   6906 |   6806 |    100 |   1793 |   4148 |   5 | 1381.2 |
        Bailey |   1312 |   1312 |      0 |    770 |    275 |   1 | 1312.0 |
               +--------+--------+--------+--------+--------+-----+--------+

Top non-repeatable levels by time:
  Lair:3: 3086 daAuts
     D:5: 2910 daAuts
  Lair:2: 1701 daAuts
    D:10: 1493 daAuts
     D:3: 1397 daAuts
     D:7: 1317 daAuts
  Bailey: 1312 daAuts
     D:6: 1191 daAuts
  Lair:4: 1159 daAuts
     D:9: 1103 daAuts
     D:1: 1049 daAuts
     D:4: 972 daAuts
     D:2: 859 daAuts
  Lair:1: 841 daAuts
     D:8: 830 daAuts
